MLB
KANSAS CITY ROYALS @ CLEVELAND GUARDIANS
09/24/2046
 
TOP OF THE 1ST
Kansas City Royals batting - Pitching for Cleveland Indians : RHP Apostolos Tsatsos
Pitching: RHP Apostolos Tsatsos
Batting: RHB Mike Jaquez 0-0: Called Strike
0-1: Foul Ball, location: 2F
0-2: DOUBLE (Line Drive, 8LXD, EV 105.0 MPH)
Batting: RHB Imbart Faber 0-0: Ball
1-0: Foul Ball, location: 2F
1-1: Ball
2-1: DOUBLE (Line Drive, 9LS, EV 101.9 MPH)
Mike Jaquez scores
Batting: LHB Mike Meyerhoff 0-0: Ball
1-0: Ball
2-0: Ball
3-0: Called Strike
3-1: SINGLE (Line Drive, 78S, EV 86.9 MPH)
Imbart Faber to third
Runner from 3rd tries for Home, SAFE, throw by LF to home
Batting: SHB Tony Prado 0-0: Foul Ball, location: 2F
0-1: Ball
1-1: Foul Ball, location: 2F
1-2: Foul Ball, location: 2F
1-2: Ball
2-2: Foul Ball, location: 2F
2-2: Strikes out swinging
Batting: SHB Gil Switzer 0-0: Ball
1-0: Called Strike
1-1: Ball
2-1: Called Strike
2-2: Foul Ball, location: 2F
2-2: Ball
3-2: Fielders Choice at 2nd, 3-6 (Groundball, 3, EV 84.4 MPH)
Batting: RHB Bob Najar 0-0: Foul Ball, location: 2F
0-1: Swinging Strike
0-2: Ball
1-2: DOUBLE (Line Drive, 9LD, EV 103.8 MPH)
Gil Switzer to third
Batting: LHB Manny Estrada 0-0: Called Strike
0-1: Foul Ball, location: 2F
0-2: Ground out 3-1 (Groundball, 34S, EV 83.8 MPH)
Top of the 1st over - 2 runs, 4 hits, 0 errors, 2 left on base; Kansas City 2 - Cleveland 0
BOTTOM OF THE 1ST
Cleveland Indians batting - Pitching for Kansas City Royals : RHP Joe Noonan
Pitching: RHP Joe Noonan
Batting: LHB Arvin Dungca 0-0: Foul Ball, location: 2F
0-1: Foul Ball, location: 2F
0-2: Foul Ball, location: 2F
0-2: Strikes out swinging
Batting: RHB Alex Rodriguez Jr. 0-0: Called Strike
0-1: SOLO HOME RUN (Flyball, 9LD, EV 92.5 MPH), Distance : 349 ft
Batting: RHB Nick Ogle 0-0: Called Strike
0-1: Swinging Strike
0-2: Ball
1-2: Ball
2-2: Foul Ball, location: 2F
2-2: Strikes out looking
Batting: LHB Danny Dunham 0-0: Ball
1-0: Foul Ball, location: 2F
1-1: Ball
2-1: Ball
3-1: SINGLE (Line Drive, 9LS, EV 103.8 MPH)
Batting: RHB Hiroshige Yamada 0-0: Ball
1-0: Swinging Strike
1-1: Foul Ball, location: 2F
1-2: Ball
2-2: Foul Ball, location: 2F
2-2: Ball
3-2: Base on Balls
Danny Dunham to second
Batting: LHB Hector Pedroso 0-0: Called Strike
0-1: Called Strike
0-2: Ball
1-2: Foul Ball, location: 2F
1-2: Hit by Pitch
Danny Dunham to third
Hiroshige Yamada to second
Batting: RHB Tommy Baird 0-0: Fly out, F8 (Flyball, 89M, EV 92.5 MPH)
Bottom of the 1st over - 1 run, 2 hits, 0 errors, 3 left on base; Kansas City 2 - Cleveland 1
TOP OF THE 2ND
Kansas City Royals batting - Pitching for Cleveland Indians : RHP Apostolos Tsatsos
Batting: RHB Mikolas Markus 0-0: Swinging Strike
0-1: Ball
1-1: Ball
2-1: Swinging Strike
2-2: Ball
3-2: Foul Ball, location: 2F
3-2: Foul Ball, location: 2F
3-2: Foul Ball, location: 2F
3-2: Strikes out looking
Batting: RHB Aaron Matthews 0-0: Called Strike
0-1: Ball
1-1: Called Strike
1-2: Strikes out swinging
Batting: RHB Mike Jaquez 0-0: Ball
1-0: Ball
2-0: Called Strike
2-1: Foul Ball, location: 2F
2-2: Ground out 6-3 (Groundball, 6MD, EV 82.5 MPH)
Top of the 2nd over - 0 runs, 0 hits, 0 errors, 0 left on base; Kansas City 2 - Cleveland 1
BOTTOM OF THE 2ND
Cleveland Indians batting - Pitching for Kansas City Royals : RHP Joe Noonan
Batting: LHB Kyle Schaible 0-0: Ball
1-0: Ball
2-0: Ball
3-0: Base on Balls
Batting: RHB Edwin Madrid 0-0: Grounds into double play, 6-4-3 (Groundball, 6, EV 87.5 MPH)
Batting: LHB Arvin Dungca 0-0: Ball
1-0: Ball
2-0: Called Strike
2-1: Ground out 4-3 (Groundball, 4, EV 103.1 MPH)
Bottom of the 2nd over - 0 runs, 0 hits, 0 errors, 0 left on base; Kansas City 2 - Cleveland 1
TOP OF THE 3RD
Kansas City Royals batting - Pitching for Cleveland Indians : RHP Apostolos Tsatsos
Batting: RHB Imbart Faber 0-0: Ball
1-0: Ball
2-0: Foul Ball, location: 2F
2-1: SINGLE (Groundball, 5S, EV 93.8 MPH)
Batting: LHB Mike Meyerhoff 0-0: Ball
1-0: Ball
Wild Pitch!
Imbart Faber to second
2-0: Ball
3-0: Foul Ball, location: 2F
3-1: Foul Ball, location: 2F
3-2: Ground out 4-3 (Groundball, 4, EV 87.5 MPH)
Imbart Faber to third
Batting: SHB Tony Prado 0-0: Called Strike
0-1: Ball
1-1: Ball
2-1: Ball
3-1: Foul Ball, location: 2F
3-2: Base on Balls
Batting: SHB Gil Switzer 0-0: Ball
1-0: Ball
2-0: Fly out, F8 (Flyball, 8LS, EV 88.1 MPH)
Batting: RHB Bob Najar 0-0: Ball
1-0: Foul Ball, location: 2F
1-1: Foul Ball, location: 2F
1-2: Fly out, F7 (Flyball, 7, EV 76.2 MPH)
Top of the 3rd over - 0 runs, 1 hit, 0 errors, 2 left on base; Kansas City 2 - Cleveland 1
BOTTOM OF THE 3RD
Cleveland Indians batting - Pitching for Kansas City Royals : RHP Joe Noonan
Batting: RHB Alex Rodriguez Jr. 0-0: Ball
1-0: Called Strike
1-1: Fly out, F4 (Popup, 34S, EV 76.2 MPH)
Batting: RHB Nick Ogle 0-0: Ground out 5-3 (Groundball, 56, EV 80.0 MPH)
Batting: LHB Danny Dunham 0-0: Ball
1-0: Foul Ball, location: 2F
1-1: Ball
2-1: Ball
3-1: Swinging Strike
3-2: Ground out 4-3 (Groundball, 4, EV 100.0 MPH)
Bottom of the 3rd over - 0 runs, 0 hits, 0 errors, 0 left on base; Kansas City 2 - Cleveland 1
TOP OF THE 4TH
Kansas City Royals batting - Pitching for Cleveland Indians : RHP Apostolos Tsatsos
Batting: LHB Manny Estrada 0-0: Ball
1-0: Called Strike
1-1: Called Strike
1-2: Ball
2-2: DOUBLE (Line Drive, 9LS, EV 103.1 MPH)
Batting: RHB Mikolas Markus 0-0: Ball
1-0: Fly out, F9 (Flyball, 9S, EV 77.5 MPH)
Batting: RHB Aaron Matthews 0-0: Ball
1-0: Ball
2-0: Swinging Strike
2-1: Called Strike
2-2: Ball
3-2: Foul Ball, location: 2F
3-2: Strikes out swinging
Batting: RHB Mike Jaquez 0-0: Called Strike
0-1: Called Strike
0-2: Ball
1-2: Hit by Pitch
Batting: RHB Imbart Faber 0-0: Foul Ball, location: 2F
0-1: Ball
1-1: Ball
2-1: SINGLE (Line Drive, 9LS, EV 105.6 MPH)
Manny Estrada to third
Mike Jaquez to second
Runner from 3rd tries for Home, SAFE, throw by RF to home
Batting: LHB Mike Meyerhoff 0-0: Ball
1-0: Foul Ball, location: 2F
1-1: Called Strike
Imbart Faber steals 2nd base (no throw)
Mike Jaquez steals 3rd base
1-2: Strikes out looking
Top of the 4th over - 1 run, 2 hits, 0 errors, 2 left on base; Kansas City 3 - Cleveland 1
BOTTOM OF THE 4TH
Cleveland Indians batting - Pitching for Kansas City Royals : RHP Joe Noonan
Batting: RHB Hiroshige Yamada 0-0: Ball
1-0: SINGLE (Line Drive, 8RS, EV 108.8 MPH)
Batting: LHB Hector Pedroso 0-0: Called Strike
0-1: Ball
1-1: Ball
2-1: Bunted foul
2-2: Ball
3-2: Base on Balls
Hiroshige Yamada to second
Batting: RHB Tommy Baird 0-0: SINGLE (Line Drive, 7S, EV 99.4 MPH)
Hiroshige Yamada to third
Hector Pedroso to second
Batting: LHB Kyle Schaible 0-0: Called Strike
0-1: Called Strike
0-2: Foul Ball, location: 2F
0-2: Ball
1-2: Ball
2-2: Ball
3-2: DOUBLE (Line Drive, 89D, EV 113.1 MPH)
Hiroshige Yamada scores
Hector Pedroso scores
Tommy Baird to third
Pinch Runner at 2nd Drtian Thaqi:
Batting: RHB Edwin Madrid 0-0: Ball
1-0: Called Strike
1-1: Called Strike
1-2: Ball
2-2: Foul Ball, location: 2F
2-2: Fly out, F7 (Flyball, 78S, EV 90.0 MPH)
Batting: LHB Arvin Dungca 0-0: Swinging Strike
0-1: Swinging Strike
0-2: Strikes out swinging
Batting: RHB Alex Rodriguez Jr. 0-0: Fly out, F8 (Flyball, 8LD, EV 93.1 MPH)
Bottom of the 4th over - 2 runs, 3 hits, 0 errors, 2 left on base; Kansas City 3 - Cleveland 3
TOP OF THE 5TH
Kansas City Royals batting - Pitching for Cleveland Indians : RHP Apostolos Tsatsos
Now at 2B: Doug Hammertime
Batting: SHB Tony Prado 0-0: Foul Ball, location: 2F
0-1: Swinging Strike
0-2: Fly out, F9 (Flyball, 9D, EV 93.8 MPH)
Batting: SHB Gil Switzer 0-0: Ball
1-0: Ball
2-0: Foul Ball, location: 2F
2-1: Ball
3-1: Foul Ball, location: 2F
3-2: Foul Ball, location: 2F
3-2: Base on Balls
Pitching: RHP Andy Zecher
Batting: RHB Bob Najar 0-0: Ball
1-0: Ball
2-0: Called Strike
2-1: SINGLE (Flyball, 34D, EV 91.2 MPH)
Gil Switzer to second
Batting: LHB Manny Estrada 0-0: Foul Ball, location: 2F
0-1: Foul Ball, location: 2F
0-2: Ball
1-2: Strikes out looking
Pinch Hitting: LHB Bill Baconneck 0-0: Called Strike
0-1: Ball
1-1: SINGLE (Line Drive, 8LS, EV 92.5 MPH)
Gil Switzer to third
Bob Najar to second
Runner from 3rd tries for Home, throw by CF and OUT! 8-2
Top of the 5th over - 0 runs, 2 hits, 0 errors, 2 left on base; Kansas City 3 - Cleveland 3
BOTTOM OF THE 5TH
Cleveland Indians batting - Pitching for Kansas City Royals : RHP Joe Noonan
Now at 3B: Yuichi Takata
Batting: RHB Nick Ogle 0-0: Ball
1-0: Foul Ball, location: 2F
1-1: Ball
2-1: Foul Ball, location: 2F
2-2: Fly out, F9 (Flyball, 9D, EV 99.4 MPH)
Batting: LHB Danny Dunham 0-0: Ball
1-0: Swinging Strike
1-1: Ball
2-1: SINGLE (Groundball, 6MD, EV 98.8 MPH)
Batting: RHB Hiroshige Yamada 0-0: Ball
1-0: Ball
2-0: Called Strike
2-1: Foul Ball, location: 2F
2-2: Foul Ball, location: 2F
2-2: Ball
3-2: Foul Ball, location: 2F
3-2: Grounds into double play, 5-4-3 (Groundball, 56, EV 92.5 MPH)
Bottom of the 5th over - 0 runs, 1 hit, 0 errors, 0 left on base; Kansas City 3 - Cleveland 3
TOP OF THE 6TH
Kansas City Royals batting - Pitching for Cleveland Indians : RHP Andy Zecher
Batting: RHB Aaron Matthews 0-0: Ball
1-0: Swinging Strike
1-1: Ball
2-1: Ball
3-1: Foul Ball, location: 2F
3-2: Foul Ball, location: 2F
3-2: SINGLE (Groundball, 56S, EV 63.1 MPH) (infield hit)
Batting: RHB Mike Jaquez 0-0: Called Strike
Aaron Matthews is caught stealing 2nd base 2-4
0-1: Ball
1-1: Foul Ball, location: 2F
1-2: Ball
2-2: Foul Ball, location: 2F
2-2: Foul Ball, location: 2F
2-2: Ball
3-2: Base on Balls
Batting: RHB Imbart Faber 0-0: SINGLE (Line Drive, 7LS, EV 94.4 MPH)
Mike Jaquez to second
Runner from 2nd tries for 3rd, SAFE, throw by LF made to third
Batting: LHB Mike Meyerhoff 0-0: Ball
Imbart Faber is caught stealing 2nd base 2-6
1-0: Foul Ball, location: 2F
1-1: Ball
2-1: Foul Ball, location: 2F
2-2: Foul Ball, location: 2F
2-2: Ball
3-2: Strikes out looking
Top of the 6th over - 0 runs, 2 hits, 0 errors, 1 left on base; Kansas City 3 - Cleveland 3
BOTTOM OF THE 6TH
Cleveland Indians batting - Pitching for Kansas City Royals : RHP Joe Noonan
Batting: LHB Hector Pedroso 0-0: Called Strike
0-1: Foul Ball, location: 2F
0-2: Foul Ball, location: 2F
0-2: Foul Ball, location: 2F
0-2: Fly out, F9 (Flyball, 9D, EV 98.8 MPH)
Batting: RHB Tommy Baird 0-0: Foul Ball, location: 2F
0-1: Called Strike
0-2: Strikes out looking
Batting: RHB Doug Hammertime 0-0: Ball
1-0: Ball
2-0: Ball
3-0: Called Strike
3-1: Base on Balls
Pitching: RHP Josh Moncada
Batting: RHB Edwin Madrid 0-0: Ball
1-0: SINGLE (Line Drive, 4M, EV 95.0 MPH)
Doug Hammertime to second
Batting: LHB Arvin Dungca 0-0: Fly out, F9 (Line Drive, 9S, EV 89.4 MPH)
Bottom of the 6th over - 0 runs, 1 hit, 0 errors, 2 left on base; Kansas City 3 - Cleveland 3
TOP OF THE 7TH
Kansas City Royals batting - Pitching for Cleveland Indians : RHP Andy Zecher
Pitching: RHP Dennis Beals
Batting: SHB Tony Prado 0-0: Called Strike
0-1: Swinging Strike
0-2: Ball
1-2: Ball
2-2: Foul Ball, location: 2F
2-2: Ball
3-2: Foul Ball, location: 2F
3-2: Base on Balls
Batting: SHB Gil Switzer 0-0: Ball
1-0: Called Strike
1-1: Ball
2-1: SINGLE (Groundball, 34D, EV 97.5 MPH)
Tony Prado to second
Runner from 2nd tries for 3rd, SAFE, throw by RF made to third
Batting: RHB Bob Najar 0-0: Ball
1-0: SINGLE (Flyball, 56D, EV 90.6 MPH)
Tony Prado scores
Gil Switzer to second
Batting: LHB Manny Estrada 0-0: Ball
1-0: Ball
2-0: Ball
3-0: SINGLE (Groundball, 4MD, EV 108.8 MPH)
Gil Switzer to third
Bob Najar to second
Batting: RHB Yuichi Takata 0-0: Swinging Strike
0-1: Called Strike
0-2: Ball
1-2: Foul Ball, location: 2F
1-2: Fly out, F7 (Flyball, 78M, EV 90.6 MPH)
Batting: RHB Aaron Matthews 0-0: Ball
1-0: Ball
2-0: Called Strike
2-1: Ball
3-1: Base on Balls
Gil Switzer scores
Bob Najar to third
Manny Estrada to second
Batting: RHB Mike Jaquez 0-0: Called Strike
0-1: Ball
1-1: Called Strike
1-2: Ball
2-2: GRAND SLAM HOME RUN (Flyball, 78XD, EV 97.5 MPH), Distance : 409 ft
Pitching: RHP Ryan Southerland
Batting: RHB Imbart Faber 0-0: DOUBLE (Flyball, 8LXD, EV 97.5 MPH)
Batting: LHB Mike Meyerhoff 0-0: Ball
1-0: Called Strike
1-1: SINGLE (Flyball, 8RS, EV 93.8 MPH)
Imbart Faber to third
Runner from 3rd tries for Home, SAFE, throw by CF to home
Batting: SHB Tony Prado 0-0: Foul Ball, location: 2F
0-1: Ball
1-1: Ball
2-1: Called Strike
2-2: Ball
3-2: Foul Ball, location: 2F
3-2: Fly out, F9 (Flyball, 89M, EV 89.4 MPH)
Batting: SHB Gil Switzer 0-0: Called Strike
0-1: Ball
1-1: Swinging Strike
1-2: Strikes out swinging
Top of the 7th over - 7 runs, 6 hits, 0 errors, 1 left on base; Kansas City 10 - Cleveland 3
BOTTOM OF THE 7TH
Cleveland Indians batting - Pitching for Kansas City Royals : RHP Josh Moncada
Batting: RHB Alex Rodriguez Jr. 0-0: Fly out, F7 (Flyball, 7, EV 80.0 MPH)
Batting: RHB Nick Ogle 0-0: Called Strike
0-1: Ball
1-1: Ball
2-1: Fly out, F7 (Flyball, 7D, EV 102.5 MPH)
Batting: LHB Danny Dunham 0-0: Ball
1-0: Foul Ball, location: 2F
1-1: Foul Ball, location: 2F
1-2: Strikes out looking
Bottom of the 7th over - 0 runs, 0 hits, 0 errors, 0 left on base; Kansas City 10 - Cleveland 3
TOP OF THE 8TH
Kansas City Royals batting - Pitching for Cleveland Indians : RHP Ryan Southerland
Batting: RHB Bob Najar 0-0: Called Strike
0-1: Foul Ball, location: 2F
0-2: Ball
1-2: Ball
2-2: Foul Ball, location: 2F
2-2: Fly out, F8 (Flyball, 8RM, EV 81.9 MPH)
Batting: LHB Manny Estrada 0-0: Ball
1-0: Called Strike
1-1: Ground out 4-3 (Groundball, 4, EV 83.8 MPH)
Batting: RHB Yuichi Takata 0-0: Foul Ball, location: 2F
0-1: Foul Ball, location: 2F
0-2: Strikes out swinging
Top of the 8th over - 0 runs, 0 hits, 0 errors, 0 left on base; Kansas City 10 - Cleveland 3
BOTTOM OF THE 8TH
Cleveland Indians batting - Pitching for Kansas City Royals : RHP Josh Moncada
Batting: RHB Hiroshige Yamada 0-0: Ball
1-0: Ball
2-0: Reached on error, E1 (Groundball, 13S, EV 75.6 MPH)
Batting: LHB Hector Pedroso 0-0: Fly out, F6 (Popup, 4MS, EV 68.8 MPH)
Pinch Hitting: LHB Stu Sornson 0-0: Ground out U3 (Groundball, 34, EV 100.6 MPH)
Hiroshige Yamada to third
Batting: RHB Doug Hammertime 0-0: Called Strike
0-1: Ball
1-1: Ball
2-1: Ball
3-1: Fly out, F7 (Flyball, 7LM, EV 85.6 MPH)
Bottom of the 8th over - 0 runs, 0 hits, 1 error, 1 left on base; Kansas City 10 - Cleveland 3
TOP OF THE 9TH
Kansas City Royals batting - Pitching for Cleveland Indians : RHP Ryan Southerland
Now in CF: Stu Sornson
Batting: RHB Aaron Matthews 0-0: Foul Ball, location: 2F
0-1: Foul Ball, location: 2F
0-2: Strikes out swinging
Batting: RHB Mike Jaquez 0-0: Called Strike
0-1: Foul Ball, location: 2F
0-2: Strikes out swinging
Batting: RHB Imbart Faber 0-0: Foul Ball, location: 2F
0-1: Called Strike
0-2: Foul Ball, location: 2F
0-2: Foul Ball, location: 2F
0-2: Ball
1-2: Ball
2-2: Ball
3-2: Base on Balls
Batting: LHB Mike Meyerhoff 0-0: Foul Ball, location: 2F
0-1: 2-RUN HOME RUN (Flyball, 78XD, EV 105.0 MPH), Distance : 413 ft
Batting: SHB Tony Prado 0-0: Ball
1-0: SOLO HOME RUN (Flyball, 78XD, EV 101.9 MPH), Distance : 400 ft
Batting: SHB Gil Switzer 0-0: Called Strike
0-1: Ball
1-1: Foul Ball, location: 2F
1-2: Ball
2-2: Foul Ball, location: 2F
2-2: Ground out 1-3 (Groundball, 13, EV 64.4 MPH)
Top of the 9th over - 3 runs, 2 hits, 0 errors, 0 left on base; Kansas City 13 - Cleveland 3
BOTTOM OF THE 9TH
Cleveland Indians batting - Pitching for Kansas City Royals : RHP Josh Moncada
Batting: RHB Edwin Madrid 0-0: Foul Ball, location: 2F
0-1: Ball
1-1: Swinging Strike
1-2: Strikes out looking
Batting: LHB Arvin Dungca 0-0: SINGLE (Flyball, 8LS, EV 95.0 MPH)
Pitching: RHP Elijah Lewis
Batting: RHB Alex Rodriguez Jr. 0-0: Ball
1-0: Ball
2-0: Called Strike
2-1: Called Strike
2-2: Foul Ball, location: 2F
2-2: Ball
3-2: Foul Ball, location: 2F
3-2: Strikes out swinging
Arvin Dungca steals 2nd base (no throw)
Batter strikes out.
Batting: RHB Nick Ogle 0-0: SINGLE (Line Drive, 78S, EV 95.6 MPH)
Arvin Dungca to third
Batting: LHB Danny Dunham 0-0: Ball
1-0: Ground out 6-3 (Groundball, 6M, EV 86.2 MPH)
Bottom of the 9th over - 0 runs, 2 hits, 0 errors, 2 left on base; Kansas City 13 - Cleveland 3
Tuesday, September 13th , 2022 - OOTP Baseball 23.7 Build 88